 Dungeon Crawl Stone Soup version 0.31-a0-851-g7ff8af7976 (webtiles) character file.

Game seed: 2996663683531909540

2200 Shayle the Trooper (level 9, -2/71 HPs)
             Began as a Demonspawn Venom Mage on Oct 7, 2023.
             Was an Initiate of Gozag.
             Killed from afar by a steam dragon (11 damage)
             ... with a ball of steam
             ... on level 8 of the Dungeon.
             The game lasted 00:24:27 (8024 turns).

Shayle the Trooper (Demonspawn Venom Mage)          Turns: 8024, Time: 00:24:27

Health: -2/71      AC:  8    Str: 10    XL:     9   Next: 12%
Magic:  19/19      EV: 12    Int: 20    God:    Gozag
Gold:   737        SH:  0    Dex: 13    Spells: 20/21 levels left

rFire   . . .        w - +10 whip of the Heavens {freeze, rC+}
rCold   + . .        (no shield)
rNeg    . . .        a - +0 robe
rPois   .            H - +0 helmet
rElec   .            F - +0 cloak
rCorr   .            (no gloves)
SInv    .            (no boots)
Will    +....        j - amulet of magic regeneration
Stlth   ++           P - ring of willpower
HPRegen 0.31/turn    (no ring)
MPRegen 0.56/turn

%: no passive effects
@: lethally poisoned (-2 -> -19)
A: thin metallic scales 2, foul stench 1, demonic magic 1, weakness stinger 1
a: Renounce Religion, Potion Petition, Call Merchant, Bribe Branch


You were on level 8 of the Dungeon.
You worshipped Gozag.
Gozag was pleased with you.
You visited 2 branches of the dungeon, and saw 9 of its levels.
You also visited: Sewer.

You collected 872 gold pieces.
You paid 135 gold pieces to Gozag.

Inventory:

Hand Weapons
 i - a +0 trident
 k - a +4 whip
 n - a +1 short sword of venom
 p - a +0 whip of electrocution
 w - the +10 whip of the Heavens (weapon) {freeze, rC+}
   (You found it on level 3 of the Dungeon)

   rC+:       It protects you from cold.
 x - the +0 mace of Mynimiru {flame, rF- Str+7 Int+4}
   (You found it on level 3 of the Dungeon)

   Str+7:     It affects your strength (+7).
   Int+4:     It affects your intelligence (+4).
   rF-:       It makes you vulnerable to fire.
 E - a +4 quarterstaff of chaos
 G - a +0 hammer of protection
Armour
 a - a +0 robe (worn)
 F - a +0 cloak (worn)
 H - a +0 helmet (worn)
Jewellery
 e - the ring "Inweujur" {Fire rCorr}
   (You found it on level 2 of the Dungeon)

   [ring of fire]

   Fire:      It enhances your fire magic.
   rF+:       It protects you from fire.
   rC-:       It makes you vulnerable to cold.
   rCorr:     It protects you from acid and corrosion.
 j - an amulet of magic regeneration (around neck)
 q - an amulet of faith
 P - a ring of willpower (left hand)
Wands
 m - a wand of light (1)
 o - a wand of polymorph (9)
 v - a wand of paralysis (3)
 L - a wand of flame (14)
 N - a wand of mindburst (13)
Scrolls
 c - 3 scrolls of teleportation
 d - a scroll of silence {unknown}
 s - 3 scrolls of amnesia
 u - a scroll of revelation
 y - a scroll of immolation {unknown}
 D - 3 scrolls of noise {unknown}
 I - 2 scrolls of blinking {unknown}
 K - a scroll of enchant armour {unknown}
 O - a scroll of fog
Potions
 b - 2 potions of magic
 f - 5 potions of enlightenment
 h - a potion of degeneration
 l - 2 potions of might
 r - a potion of haste
 t - 2 potions of cancellation
 z - a potion of invisibility
 A - a potion of attraction
 B - 2 potions of curing
 C - a potion of berserk rage {unknown}
 J - 2 potions of brilliance {unknown}
 M - a potion of lignification {unknown}


   Skills:
 + Level 6.9 Fighting
 + Level 6.2 Armour
 - Level 1.7 Dodging
 - Level 1.7 Stealth
 + Level 6.6 Spellcasting
 - Level 0.8 Transmutations
 - Level 3.0 Poison Magic


You had 20 spell levels left.
You knew the following spells:

 Your Spells              Type           Power      Damage    Failure   Level
a - Sting                 Tmut/Pois      56%        1d5       4%          1

Your spell library contained the following spells:

 Spells                   Type           Power      Damage    Failure   Level
 Poisonous Vapours        Pois/Air       24%        N/A       9%          2
 Summon Small Mammal      Summ           24%        N/A       10%         1
 Ensorcelled Hibernation  Hex/Ice        12%        N/A       16%         2
 Jinxbite                 Hex            12%        N/A       16%         2
 Mephitic Cloud           Conj/Pois/Air  10%        N/A       21%         3
 Olgreb's Toxic Radiance  Pois           18%        N/A       28%         4
 Call Canine Familiar     Summ           6%         N/A       30%         3
 Ozocubu's Armour         Ice            6%         N/A       30%         3
 Summon Guardian Golem    Hex/Summ       6%         N/A       30%         3
 Anguish                  Hex/Necr       3%         N/A       69%         4
 Ozocubu's Refrigeration  Ice            3%         4d8       100%        7


Dungeon Overview and Level Annotations

Branches:
Dungeon (8/15)             Temple (1/1) D:5           Sewer (visited)
   Lair: D:8-11

Altars:
Cheibriados
Fedhas
Gozag
Hepliaklqana
Kikubaaqudgha
Makhleb
Okawaru
Qazlal
Sif Muna
Trog
Uskayaw
Vehumet
Wu Jian
Xom
Yredelemnul

Shops:
D:2 :   D:3 :   D:5 :


Innate Abilities, Weirdness & Mutations

You are mostly covered in thin metallic scales. (AC +3)
You may rarely emit foul miasma when damaged in melee.
Spells you cast may paralyse adjacent enemies.
You have a small tail.


Message History

You hit the steam dragon. You freeze the steam dragon.
The steam dragon is severely wounded.
The steam dragon bites you.
The steam dragon claws you but does no damage.
You closely miss the steam dragon.
The steam dragon is severely wounded.
The steam dragon breathes steam at you. The ball of steam hits you!
You barely miss the steam dragon.
Your tail-slap misses the steam dragon.
The steam dragon is severely wounded.
You are engulfed in a cloud of scalding steam.
The steam dragon bites you. The steam dragon closely misses you.
Unknown command.
The steam dragon breathes steam at you. The ball of steam misses you.
You feel much better.
You are engulfed in a cloud of scalding steam.
The water moccasin is engulfed in a cloud of scalding steam.
The water moccasin bites you.
You hit the water moccasin but do no damage.
The water moccasin is lightly wounded.
The water moccasin bites you. The steam dragon bites you!
The steam dragon claws you but does no damage.
You barely miss the water moccasin.
The water moccasin is lightly wounded.
The water moccasin bites you but does no damage.
The water moccasin bites you. The steam dragon bites you.
* * * LOW HITPOINT WARNING * * *
The steam dragon claws you but does no damage.
Unknown command.
You barely miss the steam dragon.
Your tail-slap misses the steam dragon.
The steam dragon is severely wounded.
The water moccasin bites you!
* * * LOW HITPOINT WARNING * * *
You are lethally poisoned!
The water moccasin poisons you! The steam dragon breathes steam at you.
The ball of steam hits you!
You die...
Your body crumbles into a pile of gold.

####)#### ###########.#
..##(....##....#
..........#....#
................# ..
.......§§§......# ..
................# ..
.........§...D..######
............@S.......# .
............###....... #..
........)..## .......
.#.........)).## .....).
..)..#..####)#### .......
................##........
.......######.#...........
#....#....#...............
#..#.#.##............


You could see a steam dragon (catching breath) and a water moccasin.

Vanquished Creatures
  Eustachio (D:6)
  Edmund (D:6)
  An ice beast (D:6)
  A sky beast (D:7)
  2 ogres
  A phantom (D:5)
  A kobold brigand (D:7)
  A bullfrog (D:8)
  A gnoll sergeant (D:7)
  3 scorpions
  A howler monkey (D:6)
  2 jellies
  3 hounds (D:6)
  5 orc priests
  Crazy Yiuf (D:4)
  A sleepcap (D:5)
  Ijyb (D:4)
  4 iguanas
  9 orc wizards
  A sickly merfolk siren (Sewer)
  A malarious merfolk avatar (Sewer)
  4 gnolls (D:7)
  9 adders
  3 river rats (Sewer)
  A shadow imp (D:8)
  A worm (D:4)
  3 dart slugs
  52 orcs
  3 bats
  4 endoplasms
  5 giant cockroaches
  7 hobgoblins
  4 jackals (D:2)
  4 quokkas
  11 ball pythons
  9 frilled lizards
  6 goblins
  11 kobolds
  30 rats
209 creatures vanquished.

Notes
Turn   | Place    | Note
-------+----------+-------------------------------------------
     0 | D:1      | Shayle the Demonspawn Venom Mage began the quest for the
                  | Orb.
     0 | D:1      | Reached XP level 1. HP: 13/13 MP: 3/3
   305 | D:1      | You fall into a shaft and drop 1 floor!
   325 | D:2      | Identified the ring "Inweujur" {Fire rCorr}
   432 | D:1      | Found a faded altar of an unknown god.
   623 | D:1      | Gained mutation: You have a small tail. [demonic ancestry]
   623 | D:1      | Reached XP level 2. HP: 9/20 MP: 5/5
  1121 | D:2      | Reached skill level 1 in Fighting
  1248 | D:2      | Reached skill level 1 in Armour
  1280 | D:2      | Found a stormy altar of Qazlal.
  1411 | D:2      | Reached XP level 3. HP: 17/26 MP: 6/6
  1676 | D:2      | Found Racounte's Book Shoppe.
  2174 | D:3      | Gained mutation: You may rarely emit foul miasma when
                  | damaged in melee. [demonic ancestry]
  2174 | D:3      | Reached XP level 4. HP: 30/33 MP: 8/8
  2316 | D:3      | Gained mutation: Spells you cast may paralyse adjacent
                  | enemies. [demonic ancestry]
  2316 | D:3      | Reached XP level 5. HP: 23/39 MP: 9/9
  2414 | D:3      | Found a bloodstained altar of Trog.
  2624 | D:3      | Found Ludwud's Book Shoppe.
  2856 | D:3      | Found an ornate altar of the Wu Jian Council.
  3046 | D:3      | Identified the +10 whip of the Heavens {freeze, rC+}
  3048 | D:3      | Identified the +0 mace of Mynimiru {flame, rF- Str+7 Int+4}
  3382 | D:4      | Found a glowing drain.
  3396 | Sewer    | Entered a sewer
  3569 | Sewer    | Reached XP level 6. HP: 47/47 MP: 11/11
  4113 | D:4      | Found an ancient bone altar of Kikubaaqudgha.
  4114 | D:4      | Noticed Ijyb
  4123 | D:4      | Killed Ijyb
  4498 | D:4      | Found an opulent altar of Gozag.
  4581 | D:4      | Found a runed translucent door.
  4582 | D:4      | Noticed Crazy Yiuf
  4587 | D:4      | Killed Crazy Yiuf
  4588 | D:4      | Gained mutation: You are partially covered in thin metallic
                  | scales. (AC +2) [demonic ancestry]
  4588 | D:4      | Reached XP level 7. HP: 46/54 MP: 13/13
  5024 | D:5      | Entered Level 5 of the Dungeon
  5072 | D:5      | Found a staircase to the Ecumenical Temple.
  5082 | Temple   | Entered the Ecumenical Temple
  5106 | D:5      | Found Anomp's Book Boutique.
  5977 | D:6      | Found a hide-covered altar of Uskayaw.
  6111 | D:4      | Became a worshipper of Gozag Ym Sagoz the Greedy
  6219 | D:6      | Reached skill level 5 in Spellcasting
  6223 | D:6      | Reached skill level 5 in Fighting
  6231 | D:6      | Gained mutation: You are mostly covered in thin metallic
                  | scales. (AC +3) [demonic ancestry]
  6231 | D:6      | Reached XP level 8. HP: 50/62 MP: 15/15
  6247 | D:6      | Noticed Edmund
  6259 | D:6      | Killed Edmund
  6284 | D:6      | Reached skill level 5 in Armour
  6568 | D:6      | Noticed Eustachio
  6576 | D:6      | Killed Eustachio
  7297 | D:7      | Reached XP level 9. HP: 46/71 MP: 18/18
  7874 | D:8      | Found a basalt altar of Yredelemnul.
  8024 | D:8      | Killed from afar by a steam dragon

Illustrated notes

Levels and vault maps discovered:
D:1:      elethiomel_arrival_maze, layout_basic, nicolae_ecumenical_lake_church,
          minmay_misc_feat_chi
D:2:      layout_basic, basic_altar, serial_shops, shop
D:3:      layout_loops_ring, nicolae_wu_jian_glorious_leap, lemuel_round_altar,
          serial_shops, nicolae_book_shop_shelving
D:4:      layout_loops_ring, mainiacjoe_overflow_six_doors_small,
          mainiacjoe_overflow_alcove_4, cheibrodos_sewer_entry_bend,
          uniq_crazy_yiuf_cottage, uniq_ijyb
D:5:      layout_basic, minmay_temple_entry_tees, serial_shops,
          nicolae_shop_real_fake_doors, chequers_serial_rivers_micro_d
D:6:      layout_loops_ring, mainiacjoe_overflow_boulevard, uniq_edmund,
          uniq_eustachio
D:7:      layout_basic
D:8:      layout_rooms, yredelemnul_altar_generic, uniq_grum
Temple:   chequers_temple_sunken

Skill      XL: |  1  2  3  4  5  6  7  8 |
---------------+-------------------------+-----
Fighting       | 1 2 3 4 5 6 |  6.9
Armour         | 1 2 3 4 6 |  6.2
Spellcasting   | 3 4 5 6 |  6.6
Dodging        | |  1.7
Stealth        | |  1.7
Transmutations | |  0.8
Poison Magic   | |  3.0

Action                     |  1- 3 |  4- 6 |  7- 9 || total
---------------------------+-------+-------+-------++-------
  Melee: Trident           |    31 |       |       ||    31
         Unarmed           |     7 |       |       ||     7
         Short sword       |    35 |    77 |       ||   112
         Tailslap          |     7 |    21 |    28 ||    56
         Whip              |       |   171 |   202 ||   373
         Punch             |       |     1 |     2 ||     3
   Cast: Sting             |    18 |     4 |       ||    22
  Evoke: Wand              |       |     5 |    12 ||    17
    Use: Scroll            |     1 |     6 |     6 ||    13
         Potion            |       |     5 |     1 ||     6
   Stab: Sleeping          |     2 |     2 |     2 ||     6
         Paralysed         |       |     6 |       ||     6
         Invisible         |       |       |     3 ||     3
         Distracted        |       |       |     1 ||     1
 Armour: Robe              |    40 |   131 |   156 ||   327
         Skin              |    19 |       |       ||    19
  Dodge: Dodged            |    49 |   179 |   122 ||   350

Table legend: (Time is in decaauts)
 A = Elapsed time spent in this place.
 B = Non-inter-level travel time spent in this place.
 C = Inter-level travel time spent in this place.
 D = Time resting spent in this place.
 E = Time spent auto-exploring this place.
 F = Levels seen in this place.
 G = Mean time per level.
                   A        B        C        D        E       F      G
               +--------+--------+--------+--------+--------+-----+--------+
         Total |   8115 |   7752 |    363 |   1031 |   4394 |  10 |  811.5 |
       Dungeon |   7560 |   7197 |    363 |    877 |   4371 |   8 |  945.0 |
        Temple |      4 |      4 |      0 |      0 |      0 |   1 |    4.0 |
         Sewer |    549 |    549 |      0 |    154 |     23 |   1 |  549.0 |
               +--------+--------+--------+--------+--------+-----+--------+

Top non-repeatable levels by time:
     D:4: 1500 daAuts
     D:2: 1157 daAuts
     D:1: 1001 daAuts
     D:7: 981 daAuts
     D:3: 957 daAuts
     D:5: 943 daAuts
     D:6: 830 daAuts
   Sewer: 549 daAuts
     D:8: 189 daAuts
  Temple: 4 daAuts
